 Dungeon Crawl Stone Soup version 0.31-a0-460-g9e667d4245 (webtiles) character file.

Game seed: 15251568660245073667

411 MisterAzrael the Ruffian (level 6, 0/61 HPs)
             Began as an Octopode Shapeshifter on Aug 4, 2023.
             Was an Initiate of Cheibriados.
             Slain by an ogre
             ... wielding a +0 giant club
              (10 damage)
             ... on level 4 of the Dungeon.
             The game lasted 00:05:48 (2527 turns).

MisterAzrael the Ruffian (Octopode Shapeshifter)    Turns: 2527, Time: 00:05:48

Health: 0/61       AC: 23    Str: 15    XL:     6   Next: 90%
Magic:  8/8        EV:  2    Int: 14    God:    Cheibriados [......]
Gold:   153        SH:  5    Dex: 13    Spells: 8/8 levels left

rFire   . .          .
                       - Unarmed
rCold   . . .        (no shield)
rNeg    . . .        (helmet currently unavailable)
rPois   +            i - amulet of reflection
rElec   .            n - +5 ring of evasion
rCorr   .            (no ring)
SInv    .            (no ring)
Will    .....        (no ring)
Stlth   +            (no ring)
HPRegen 0.30/turn    (no ring)
MPRegen 0.11/turn    (no ring)
                     (no ring)

%: reflection
@: tree-form, very slow
A: stationary, stasis, torment immunity, boosted hp, almost no armour,
(amphibious), 8 rings, (camouflage 1), (gelatinous body 1), (nimble swimmer 1),
(tentacles)
a: Renounce Religion


You were on level 4 of the Dungeon.
You worshipped Cheibriados.
Cheibriados was noncommittal.
You were a tree.
You visited 2 branches of the dungeon, and saw 5 of its levels.

You collected 153 gold pieces.

Inventory:

Missiles
 k - 4 boomerangs
 o - a throwing net
Armour
 a - an orb of energy
Jewellery
 i - an amulet of reflection (around neck)
 n - a +5 ring of evasion (left branch)
Talismans
 b - a beast talisman
Scrolls
 c - 2 scrolls of amnesia {unknown}
 d - a scroll of blinking {unknown}
 e - a scroll of teleportation
 g - 2 scrolls of fear
 l - a scroll of enchant weapon {unknown}
 m - a scroll of vulnerability {unknown}
 q - a scroll of identify {unknown}
Potions
 f - 2 potions of berserk rage {unknown}
 h - a potion of degeneration {unknown}
 j - a potion of might {unknown}


   Skills:
 + Level 2.6 Fighting
 + Level 3.2 Dodging
 * Level 4.7 Unarmed Combat
 + Level 1.9 Spellcasting
 * Level 4.3 Shapeshifting


You had 8 spell levels left.
You didn't know any spells.
Your spell library contained the following spells:

 Spells                   Type           Power      Damage    Failure   Level
 Tukima's Dance           Hex            1%         N/A       58%         3
 Passage of Golubria      Tloc           1%         N/A       94%         4
 Yara's Violent Unravell  Hex/Tmut       0%         3d3       100%        5


Dungeon Overview and Level Annotations

Branches:
Dungeon (4/15)             Temple (1/1) D:4

Altars:
Ashenzari
Cheibriados
Dithmenos
Elyvilon
Fedhas
Hepliaklqana
Nemelex Xobeh
Sif Muna
Wu Jian
Xom
Yredelemnul
The Shining One

Shops:
D:1 [   D:3 (


Innate Abilities, Weirdness & Mutations

You are a tree.
Your roots penetrate the ground, keeping you stationary.
You cannot be teleported.
You are immune to unholy pain and torment.
Your maximum health is greatly increased.
You cannot wear most types of armour.
((You are amphibious.))
You can wear up to eight rings at the same time.
((Your skin changes colour to match your surroundings (Stealth+).))
((Your rubbery body absorbs attacks. (AC +1, EV +1)))
((You are camouflaged when in or above water. (Stealth+)))
((You have tentacles for arms and can constrict up to eight enemies at once.))


Message History

You bludgeon the orc!
You kill the orc!
Cheibriados appreciates the change of pace.
A puff of flame appears from out of thin air!
The puff of flame misses you.
Items here: )) [ †.
You closely miss something.
You hear some strange, mumbled words.
A magic dart appears from out of thin air!
The magic dart hits you!
You bludgeon something! Your squeeze misses something. Something hits you.
You bludgeon something!
Cheibriados thoroughly appreciates the change of pace.
Reactivating autopickup.
You feel a bit more experienced.
You start resting.
You hear the rapid rusting of a drain very nearby.
Items here: )) [ †.
You hear the rapid rusting of a drain.
There is an open door here.
Found a stone staircase leading down.
An ogre comes into view. It is wielding a +0 giant club.
The ogre moves out of view.
There is an open door here.
You bludgeon the ogre! You squeeze the ogre!
The ogre is almost dead.
The ogre hits you with a +0 giant club!!
Ouch! That really hurt!
* * * LOW HITPOINT WARNING * * *
The ogre attacks as you move away! You block the ogre's attack.
Really quaff the potion of lignification?
Your transformation has ended.
You turn into a tree.
Your roots penetrate the ground.
You hear the drain falling apart.
The ogre hits you with a +0 giant club!
* * * LOW HITPOINT WARNING * * *
You completely miss the ogre.
The ogre is almost dead.
The ogre hits you with a +0 giant club!
You die...

#.#...†...#..#
#####.######.# #.# #.# #.#
##'# #.# ##..# ###
####.####...#### ..
###.#...##.......##.# .
##.................#.##....
............)...♣O.'.......
##....#.##.........#.......
#.#.######.......####>....
#.### ##.....## #### #.#
##...## #.# ##+## #.# #.#


You could see an ogre.

Vanquished Creatures
  A wight (D:4)
  A jelly (D:4)
  3 orc priests
  An iguana (D:4)
  A sleepcap (D:4)
  2 orc wizards (D:4)
  3 gnolls (D:3)
  3 adders
  2 worms (D:3)
  8 orcs
  4 ball pythons
  3 bats
  7 endoplasms
  A giant cockroach (D:3)
  4 goblins
  11 hobgoblins
  7 kobolds
  3 quokkas
  5 frilled lizards
  3 rats
73 creatures vanquished.

Notes
Turn   | Place    | Note
-------+----------+-------------------------------------------
     0 | D:1      | MisterAzrael the Octopode Shapeshifter began the quest for
                  | the Orb.
     0 | D:1      | Reached XP level 1. HP: 13/13 MP: 1/1
    86 | D:1      | Found Ugitiu Kaan's Armour Shoppe.
    91 | D:1      | Reached XP level 2. HP: 17/18 MP: 2/2
   637 | D:2      | Reached XP level 3. HP: 23/23 MP: 3/3
   791 | D:2      | Found a white marble altar of Elyvilon.
  1077 | D:3      | Reached XP level 4. HP: 21/28 MP: 3/5
  1160 | D:3      | Reached skill level 1 in Spellcasting
  1160 | D:3      | Reached XP level 5. HP: 30/34 MP: 6/6
  1218 | D:3      | Found Pararu's Antique Weapon Shoppe.
  2065 | D:4      | Reached XP level 6. HP: 39/39 MP: 8/8
  2092 | D:4      | Found a staircase to the Ecumenical Temple.
  2113 | Temple   | Entered the Ecumenical Temple
  2154 | Temple   | Became a worshipper of Cheibriados the Contemplative
  2527 | D:4      | Slain by an ogre

Illustrated notes

Levels and vault maps discovered:
D:1:      reono_arrival_forest_river, layout_rooms, serial_shops, shop
D:2:      layout_rooms, basic_altar
D:3:      layout_basic, serial_shops, shop
D:4:      layout_loops_corners, nicolae_gozag_cash_rules_everything_around_me,
          temple_pool_b, portal_sewer_entry_d, st_stairs_4
Temple:   bh_familiar_temple

Skill      XL: |  1  2  3  4  5  6 |
---------------+-------------------+-----
Spellcasting   | 1 |  1.9
Fighting       | 2 |  2.6
Unarmed Combat | 4 |  4.7
Dodging        | 3 |  3.2
Shapeshifting  | 4 |  4.3

Action                     |  1- 3 |  4- 6 || total
---------------------------+-------+-------++-------
  Melee: Unarmed           |    60 |    91 ||   151
         Constrict         |    14 |    20 ||    34
         Tentacles         |     9 |    16 ||    25
         Punch             |     1 |     1 ||     2
    Use: Potion            |       |     2 ||     2
         Scroll            |       |     2 ||     2
   Stab: Sleeping          |     3 |     3 ||     6
 Armour: Skin              |     4 |    15 ||    19
  Dodge: Dodged            |    32 |    41 ||    73
  Block: Other             |     3 |    20 ||    23

Table legend: (Time is in decaauts)
 A = Elapsed time spent in this place.
 B = Non-inter-level travel time spent in this place.
 C = Inter-level travel time spent in this place.
 D = Time resting spent in this place.
 E = Time spent auto-exploring this place.
 F = Levels seen in this place.
 G = Mean time per level.
                   A        B        C        D        E       F      G
               +--------+--------+--------+--------+--------+-----+--------+
         Total |   2583 |   2470 |    113 |    258 |   1694 |   5 |  516.6 |
       Dungeon |   2503 |   2423 |     80 |    258 |   1694 |   4 |  625.8 |
        Temple |     79 |     47 |     32 |      0 |      0 |   1 |   79.0 |
               +--------+--------+--------+--------+--------+-----+--------+

Top non-repeatable levels by time:
     D:3: 892 daAuts
     D:4: 591 daAuts
     D:1: 591 daAuts
     D:2: 428 daAuts
  Temple: 79 daAuts
